 Dungeon Crawl Stone Soup version 0.26.0-91-g99b343417d (webtiles) character file.

Game seed: 4246677617442311161

16 teolandon225 the Sneak (level 2, -2/13 HPs)
             Began as a Spriggan Enchanter on Feb 3, 2021.
             Slain by a bullfrog (7 damage)
             ... on level 2 of the Dungeon.
             The game lasted 00:01:37 (887 turns).

teolandon225 the Sneak (Spriggan Enchanter)          Turns: 887, Time: 00:01:38

Health: -2/13      AC:  2    Str:  4    XL:     2   Next: 37%
Magic:  6/6        EV: 18    Int: 16    God:
Gold:   34         SH:  0    Dex: 16    Spells: 3/6 levels left

rFire    . . .     SeeInvis +   i - +0 dagger (speed)
rCold    . . .     Faith    .   (shield restricted)
rNeg     . . .     Spirit   .   b - +0 robe
rPois    .         Reflect  .   (helmet restricted)
rElec    .         Harm     .   (no cloak)
rCorr    .         Rampage  .   (gloves unavailable)
Will     .....                  (boots unavailable)
Stlth    +++.......             (no amulet)
HPRegen  0.04/turn              (no ring)
MPRegen  0.10/turn              (no ring)

@: very quick
A: very small, unfitting armour, see invisible, speed 3
a: no special abilities


You were on level 2 of the Dungeon.
You visited 1 branch of the dungeon, and saw 2 of its levels.

You collected 34 gold pieces.

Inventory:

Hand Weapons
 a - a +1 dagger
 i - a +0 dagger of speed (weapon)
Armour
 b - a +0 robe (worn)
Scrolls
 d - a scroll of remove curse {unknown}
 h - a scroll of identify {unknown}
Potions
 c - a potion of might {unknown}
 e - a potion of heal wounds {unknown}
 f - 2 potions of flight {unknown}
 g - 2 potions of curing {unknown}


   Skills:
 - Level 1.1 Short Blades
 + Level 3.3 Dodging
 * Level 5.0 Stealth
 - Level 2.6 Spellcasting
 * Level 4.0 Hexes


You had 3 spell levels left.
You knew the following spells:

 Your Spells              Type           Power        Failure   Level
q - Ensorcelled Hibernat  Hex/Ice        16%          13%         2
r - Corona                Hex            16%          3%          1

Your spell library contained the following spells:

 Spells                   Type           Power        Failure   Level
 Confusing Touch          Hex            15%          11%         3
 Tukima's Dance           Hex            15%          11%         3
 Dazzling Flash           Conj/Hex       16%          26%         3


Dungeon Overview and Level Annotations

Branches:
Dungeon (2/15)

Altars:


Innate Abilities, Weirdness & Mutations

You are very small and have problems with some larger weapons.
You are too small for most types of armour.
You have supernaturally acute eyesight. (SInv)
You cover ground extremely quickly.


Message History

Found 17 gold pieces.
There is a stone staircase leading up here.
A bullfrog comes into view.
Found 3 gold pieces.
You see here 11 gold pieces.
Found a scroll labelled AVIELA EXIYLE.
A giant cockroach comes into view.
The helpless bullfrog fails to defend itself.
You impale the bullfrog!!
The bullfrog is almost dead.
The bullfrog closely misses you. The bullfrog hits you.
You hit the bullfrog.
The bullfrog is almost dead.
The bullfrog hits you!
Ouch! That really hurt!
The bullfrog misses you. The giant cockroach closely misses you.
There is a stone staircase leading up here.
The bullfrog hits you!
Ouch! That really hurt!
You die...

####### ##.....##
##.......##
####.........#
........@....#
###.....F....#
#......$.....###
...##....B.......
......$.......##.
.####.........#
#...........#
....#.........#
#####......$..#


You could see a bullfrog and a giant cockroach.

Vanquished Creatures
  3 giant cockroaches (D:1)
  A hobgoblin (D:1)
  A bat (D:1)
  A frilled lizard (D:1)
  3 goblins (D:1)
  4 kobolds (D:1)
  3 rats (D:1)
16 creatures vanquished.

Notes
Turn   | Place    | Note
-------+----------+-------------------------------------------
     0 | D:1      | teolandon225 the Spriggan Enchanter began the quest for the
                  | Orb.
     0 | D:1      | Reached XP level 1. HP: 9/9 MP: 5/5
   339 | D:1      | Reached XP level 2. HP: 13/13 MP: 6/6
   342 | D:1      | Learned a level 2 spell: Ensorcelled Hibernation
   541 | D:1      | Reached skill level 5 in Stealth
   869 | D:2      | Noticed a bullfrog
   887 | D:2      | Slain by a bullfrog

Illustrated notes

Levels and vault maps discovered:
D:1:      elethiomel_arrival_quiet, layout_loops_ring
D:2:      layout_rooms, uniq_jessica

Skill      XL: |  1  2 |
---------------+-------+-----
Hexes          | 4 |  4.0
Stealth        | 5 |  5.0
Short Blades   | |  1.1
Dodging        | |  3.3
Spellcasting   | |  2.6

Action                   || total
-------------------------++-------
Melee: Dagger            ||    25
 Cast: Corona            ||     4
       Ensorcelled Hiber ||     4
 Stab: Sleeping          ||    11
Armor: Robe              ||     6
Dodge: Dodged            ||    15
